 Dungeon Crawl Stone Soup version 0.29.1-1-gd02db6906a (webtiles) character file.

Game seed: 7048808784947986977

282 raistware the Magician (level 6, 0/54 HPs)
             Began as an Octopode Conjurer on Sept 27, 2022.
             Slain by a mummy (14 damage)
             ... in an ossuary.
             The game lasted 00:09:20 (4267 turns).

raistware the Magician (Octopode Conjurer)          Turns: 4267, Time: 00:09:20

Health: 0/54       AC:  1    Str:  6    XL:     6   Next: 28%
Magic:  2/13       EV: 17    Int: 23    God:
Gold:   121        SH:  0    Dex: 10    Spells: 10/15 levels left

rFire   . . .      SeeInvis .   (no weapon)
rCold   . . .      Faith    .   (no shield)
rNeg    . . .      Spirit   .   (helmet restricted)
rPois   .          Reflect  .   (no amulet)
rElec   .          Harm     .   e - +4 ring of evasion
rCorr   .          Rampage  .   (no ring)
Will    .....                   (no ring)
Stlth   ..........              (no ring)
HPRegen 0.18/turn               (no ring)
MPRegen 0.13/turn               (no ring)
                                (no ring)
                                (no ring)

@: berserking, very slightly contaminated, very quick
A: almost no armour, amphibious, 8 rings, camouflage 1, gelatinous body 1,
(nimble swimmer 1), tentacles
a: no special abilities


You were in an ossuary.
You visited 1 branch of the dungeon, and saw 4 of its levels.
You also visited: Ossuary.

You collected 121 gold pieces.

Inventory:

Missiles
 f - 17 poisoned darts
Jewellery
 e - a +4 ring of evasion (left tentacle)
Scrolls
 b - a scroll of amnesia
 d - 3 scrolls of butterflies {unknown}
 h - a scroll of enchant armour {unknown}
 i - a scroll of magic mapping {unknown}
 k - a scroll of vulnerability {unknown}
 l - a scroll of immolation {unknown}
 n - 2 scrolls of summoning {unknown}
Potions
 a - a potion of magic
 c - 2 potions of curing
 g - a potion of mutation {unknown}
 j - a potion of invisibility {unknown}
 m - 2 potions of berserk rage
 o - a potion of attraction {unknown}
 p - a potion of haste {unknown}
 q - a potion of degeneration {unknown}


   Skills:
 - Level 2.0 Dodging
 - Level 3.0 Stealth
 - Level 5.2 Spellcasting
 + Level 4.3 Conjurations
 - Level 2.0 Translocations


You had 10 spell levels left.
You knew the following spells:

 Your Spells              Type           Power      Damage    Failure   Level
a - Magic Dart            Conj           100%       1d8       1%          1
b - Iskenderun's Mystic   Conj/Tloc      20%        2d6       24%         4

Your spell library contained the following spells:

 Spells                   Type           Power      Damage    Failure   Level
 Searing Ray              Conj           52%        2d6       2%          2
 Dazzling Flash           Conj/Hex       32%        N/A       11%         3
 Fulminant Prism          Conj/Hex       8%         3d7       36%         4


Dungeon Overview and Level Annotations

Branches:
Dungeon (4/15)            Ossuary (1/1)
 Temple: D:4-7

Altars:

Annotations:
D:2 Sigmund


Innate Abilities, Weirdness & Mutations

You cannot wear most types of armour.
You are amphibious.
You can wear up to eight rings at the same time.
Your skin changes colour to match your surroundings (Stealth+).
Your rubbery body absorbs attacks. (AC +1, EV +1)
((You are camouflaged when in or above water. (Stealth+)))
You have tentacles for arms and can constrict up to eight enemies at once.


Message History

Confirm with . or Enter, or press ? or * to list all spells.
The spell is extremely dangerous to miscast (26% risk of failure)!
Continue anyway?
You miscast Iskenderun's Mystic Blast.
You are very lightly contaminated with residual magic.
Nothing appears to happen.
Casting: Iskenderun's Mystic Blast (extremely dangerous; 26% risk of failure)
Confirm with . or Enter, or press ? or * to list all spells.
The spell is extremely dangerous to miscast (26% risk of failure)!
Continue anyway?
You erupt in a blast of force!
The mystic blast hits the mummy.
The mummy is moderately damaged.
The mummy is knocked back by the mystic blast.
The mystic blast hits the mummy!
The mummy is moderately damaged.
The mummy is knocked back by the mystic blast.
The mummy slams into the stone wall!
The mummy is heavily damaged.
The mystic blast hits the mummy.
The mummy is severely damaged.
The mummy is knocked back by the mystic blast.
The mummy collides with the mummy!
The mummy is almost destroyed.
The mystic blast hits the mummy!
You destroy the mummy!
Unknown command.
Unknown command.
Casting: Iskenderun's Mystic Blast (extremely dangerous; 24% risk of failure)
Confirm with . or Enter, or press ? or * to list all spells.
The spell is extremely dangerous to miscast (24% risk of failure)!
Continue anyway?
You miscast Iskenderun's Mystic Blast.
Nothing appears to happen.
A mummy comes into view.
The mummy hits you!
A red film seems to cover your vision as you go berserk!
You feel yourself moving faster!
You feel mighty! The mummy closely misses you. The mummy barely misses you.
You closely miss the mummy. Your grab misses the mummy. The mummy hits you.
* * * LOW HITPOINT WARNING * * *
You tentacle-slap the mummy. You grab the mummy.
The mummy is moderately damaged.
You constrict the mummy. The mummy hits you!
You die...

### ...## ###
....## .. ##..##
.....#
..##....##.....#
...M............#
........MM.....#
......M@M....##
##........##+#
##......##
##....## #....#
#....# #....#
#....# #....#


You could see 5 mummies.

Vanquished Creatures
  A scorpion (D:4)
  An orc wizard (D:4)
  3 mummies (Ossuary)
  Robin (D:2)
  A gnoll (D:1)
  4 adders
  A worm (D:2)
  7 orcs (D:4)
  5 endoplasms
  6 giant cockroaches
  3 gnoll zombies (Ossuary)
  17 goblins
  9 hobgoblins
  A quokka (D:2)
  4 ball pythons
  4 bats
  8 frilled lizards
  A hobgoblin zombie (Ossuary)
  8 kobolds
  2 kobold zombies (Ossuary)
  2 orc zombies (Ossuary)
  5 rats
  A rat zombie (D:4)
95 creatures vanquished.

Notes
Turn   | Place    | Note
-------+----------+-------------------------------------------
     0 | D:1      | raistware the Octopode Conjurer began the quest for the
                  | Orb.
     0 | D:1      | Reached XP level 1. HP: 11/11 MP: 3/3
   203 | D:1      | Reached XP level 2. HP: 12/17 MP: 1/5
   839 | D:1      | Reached skill level 3 in Spellcasting
   991 | D:1      | Reached XP level 3. HP: 21/21 MP: 2/7
  1475 | D:2      | Reached skill level 4 in Spellcasting
  1475 | D:2      | Reached XP level 4. HP: 27/27 MP: 7/10
  1480 | D:2      | Learned a level 4 spell: Iskenderun's Mystic Blast
  1711 | D:2      | Noticed Robin
  1721 | D:2      | Killed Robin
  1722 | D:2      | Reached skill level 1 in Translocations
  2182 | D:2      | Noticed Sigmund
  2950 | D:3      | Reached XP level 5. HP: 31/31 MP: 7/11
  3897 | D:4      | Reached skill level 5 in Spellcasting
  3897 | D:4      | Reached XP level 6. HP: 32/36 MP: 1/13
  3905 | D:4      | Found a sand-covered staircase.
  3916 | Ossuary  | Entered an ossuary
  4267 | Ossuary  | Slain by a mummy

Illustrated notes

Levels and vault maps discovered:
D:1:      saegor_arrival_simple_c, layout_loops_ring, minmay_misc_feat_tiny
D:2:      layout_loops_ring, roderic_roman_lattice, uniq_sigmund, uniq_robin
D:3:      layout_basic, minmay_misc_feat_rugged
D:4:      layout_loops_ring, mainiacjoe_overflow_swirl, enter_ossuary_3
Ossuary:  ossuary_tomb_3

Skill      XL: |  1  2  3  4  5 |
---------------+----------------+-----
Spellcasting   | 3 4 5 |  5.2
Stealth        | 3 |  3.0
Translocations | 2 |  2.0
Dodging        | |  2.0
Conjurations   | |  4.3

Action                   |  1- 3 |  4- 6 || total
-------------------------+-------+-------++-------
Melee: Unarmed           |     8 |    50 ||    58
       Constrict         |     2 |    15 ||    17
       Tentacles         |     1 |    16 ||    17
Throw: Dart              |       |     7 ||     7
 Cast: Magic Dart        |    55 |   126 ||   181
       Iskenderun's Myst |       |     5 ||     5
  Use: Scroll            |       |     4 ||     4
       Potion            |       |     5 ||     5
Dodge: Dodged            |    10 |    42 ||    52
